 Dungeon Crawl Stone Soup version 0.30.0-13-g156ef70053 (webtiles) character file.

Game seed: 12073194752943246791

181780 wingedge the Fighter (level 17, -2/124 HPs)
             Began as an Octopode Wanderer on May 16, 2023.
             Was the Champion of Vehumet.
             Slain by Taocaav's ghost (7 damage)
             ... on level 3 of the Spider Nest on May 17, 2023.
             The game lasted 02:58:24 (41609 turns).

wingedge the Fighter (Octopode Wanderer)           Turns: 41609, Time: 02:58:25

Health: -2/124     AC:  7    Str:  4 (5)  XL:     17   Next: 95%
Magic:  31/41      EV: 21    Int: 32      God:    Vehumet [******]
Gold:   2147       SH:  0    Dex: 20      Spells: 1/39 levels left

rFire   + . .        a - +12 pair of quick blades "Gyre" and "Gimble" {protect}
rCold   + + +        (shield currently unavailable)
rNeg    . . .        o - +2 hat
rPois   +            j - amulet of magic regeneration
rElec   +            D - ring "Zerphih" {Ice Drain Int+4 Dex+7}
rCorr   +            n - +4 ring of protection
SInv    +            e - ring of willpower
Will    ++...        x - ring of Igyikhly {Drain rElec rPois rCorr Stlth+}
Stlth   +++          k - +6 ring of intelligence
HPRegen 0.40/turn    g - ring of magical power
MPRegen 0.67/turn    O - ring "Axtiekh" {Drain rF+ rC+++ Str-5 SInv}
                     V - ring of fire

%: no passive effects
@: brilliant, contaminated, hasted, glowing, very quick
A: almost no armour, amphibious, 8 rings, camouflage 1, gelatinous body 1,
nimble swimmer 1, tentacles
}: 1/15 runes: decaying
a: Renounce Religion


You were on level 3 of the Spider Nest.
You worshipped Vehumet.
Vehumet was exalted by your worship.
You visited 6 branches of the dungeon, and saw 30 of its levels.
You also visited: Gauntlet and Ice Cave.

You collected 3010 gold pieces.
You spent 863 gold pieces at shops.

Inventory:

Hand Weapons
 a - the +12 pair of quick blades "Gyre" and "Gimble" (weapon) {protect}
   (You found it in a Gauntlet)
 c - the +6 trident "Wibbyig" {flame, Str+6 Dex+2}
   (You took it off a spriggan rider on level 1 of the Swamp)

   Str:       It affects your strength (+6).
   Dex:       It affects your dexterity (+2).
 P - the +9 spear of Deyssyuv {drain, Dex+6}
   (You found it on level 2 of the Dungeon)

   Dex:       It affects your dexterity (+6).
Missiles
 H - 11 curare-tipped darts
 J - 2 throwing nets
Armour
 d - a +0 kite shield
 o - a +2 hat (worn)
 q - a +0 buckler of cold resistance
Jewellery
 e - a ring of willpower (on tentacle)
 g - a ring of magical power (on tentacle)
 j - an amulet of magic regeneration (around mantle)
 k - a +6 ring of intelligence (on tentacle)
 n - a +4 ring of protection (right tentacle)
 x - the ring of Igyikhly (on tentacle) {Drain rElec rPois rCorr Stlth+}
   (You found it on level 5 of the Dungeon)

   [ring of poison resistance]

   rElec:     It insulates you from electricity.
   rPois:     It protects you from poison.
   rCorr:     It protects you from acid and corrosion.
   Drain:     It drains your maximum health when unequipped.
   Stlth:     It makes you more stealthy.
 z - an amulet of reflection
 D - the ring "Zerphih" (left tentacle) {Ice Drain Int+4 Dex+7}
   (You acquired it on level 5 of the Lair of Beasts)

   [ring of ice]

   It enhances your ice magic.
   Int:       It affects your intelligence (+4).
   Dex:       It affects your dexterity (+7).
   rF:        It makes you vulnerable to fire.
   rC:        It protects you from cold.
   Drain:     It drains your maximum health when unequipped.
 I - a ring of wizardry
 O - the ring "Axtiekh" (on tentacle) {Drain rF+ rC+++ Str-5 SInv}
   (You found it in a Gauntlet)

   [ring of protection from fire]

   Str:       It affects your strength (-5).
   rF:        It protects you from fire.
   rC:        It renders you almost immune to cold.
   SInv:      It lets you see invisible.
   Drain:     It drains your maximum health when unequipped.
 V - a ring of fire (on tentacle)
 Y - an amulet of the acrobat
Wands
 y - a wand of paralysis (36) (quivered)
 C - a wand of digging (3)
 X - a wand of quicksilver (24)
Scrolls
 h - 8 scrolls of teleportation
 m - 2 scrolls of amnesia
 t - 6 scrolls of vulnerability
 w - 3 scrolls of fog
 F - 2 scrolls of brand weapon
 G - 3 scrolls of enchant weapon
 K - 2 scrolls of silence
 L - a scroll of identify
 Q - 4 scrolls of fear
 R - 2 scrolls of magic mapping
 W - 2 scrolls of enchant armour
Potions
 b - 3 potions of mutation
 f - 5 potions of brilliance
 i - a potion of haste
 l - 5 potions of invisibility
 p - 2 potions of cancellation
 s - 4 potions of might
 v - 4 potions of curing
 A - 3 potions of magic
 N - 5 potions of resistance
 S - 2 potions of flight
 T - a potion of berserk rage
Miscellaneous
 B - a tin of tremorstones (2/2)
 E - a phantom mirror
 U - a phial of floods
 Z - a box of beasts


   Skills:
 + Level 13.7 Fighting
 - Level 8.0 Short Blades
 - Level 1.0 Polearms
 - Level 11.1 Dodging
 - Level 7.0 Stealth
 - Level 7.0 Shields
 + Level 11.8 Spellcasting
 - Level 5.0 Conjurations
 - Level 5.0 Summonings
 + Level 8.4 Necromancy
 - Level 6.0 Translocations
 - Level 5.0 Transmutations
 - Level 2.0 Fire Magic
 - Level 13.0 Ice Magic
 - Level 11.0 Air Magic
 * Level 4.6 Earth Magic
 - Level 1.1 Evocations


You had one spell level left.
You knew the following spells:

 Your Spells              Type           Power      Damage    Failure   Level
a - Apportation           Tloc           100%       N/A       1%          1
b - Foxfire               Conj/Fire      100%       2x1d9     1%          1
c - Irradiate             Conj/Tmut      33%        3d22      2%          5
d - Sublimation of Blood  Necr           83%        N/A       1%          2
e - Ozocubu's Armour      Ice            100%       N/A       1%          3
f - Ozocubu's Refrigerat  Ice            62%        4d21      3%          7
g - Airstrike             Air            46%        2d(7-23)  1%          4
h - Summon Lightning Spi  Summ/Air       81%        N/A       1%          4
i - Lee's Rapid Deconstr  Erth           32%        3d16*     3%          5
j - Simulacrum            Ice/Necr       57%        N/A       4%          6

Your spell library contained the following spells:

 Spells                   Type           Power      Damage    Failure   Level
 Kiss of Death            Conj/Necr      100%       2d13      1%          1
 Necrotise                Necr           100%       1d9       1%          1
 Sting                    Tmut/Pois      100%       1d8       1%          1
 Ensorcelled Hibernation  Hex/Ice        100%       N/A       1%          2
 Momentum Strike          Conj/Tloc      100%       3d10      1%          2
 Poisonous Vapours        Pois/Air       100%       N/A       1%          2
 Static Discharge         Conj/Air       100%       2-7/arc   1%          2
 Frozen Ramparts          Ice            100%       1d16      1%          3
 Ignite Poison            Fire/Tmut/Pois 66%        N/A       1%          3
 Inner Flame              Hex/Fire       54%        N/A       1%          3
 Vampiric Draining        Necr           83%        2d11      1%          3
 Dispel Undead            Necr           83%        3d27      1%          4
 Ice Form                 Ice/Tmut       100%       N/A       1%          4
 Iskenderun's Mystic Bla  Conj/Tloc      69%        2d14      1%          4
 Summon Ice Beast         Ice/Summ       100%       N/A       1%          4
 Freezing Cloud           Conj/Ice/Air   55%        6-21      1%          5
 Spider Form              Tmut/Pois      51%        N/A       2%          3
 Passage of Golubria      Tloc           72%        N/A       2%          4
 Agony                    Necr           83%        N/A       2%          5
 Petrify                  Tmut/Erth      65%        N/A       3%          4
 Anguish                  Hex/Necr       31%        N/A       4%          4
 Metabolic Englaciation   Hex/Ice        47%        N/A       4%          5
 Olgreb's Toxic Radiance  Pois           28%        N/A       7%          4
 Yara's Violent Unravell  Hex/Tmut       25%        3d11      7%          5
 Confusing Touch          Hex            28%        N/A       8%          3
 Tukima's Dance           Hex            28%        N/A       8%          3
 Summon Forest            Summ/Tloc      34%        N/A       8%          5
 Summon Mana Viper        Hex/Summ       51%        N/A       26%         5
 Summon Cactus Giant      Summ           33%        N/A       45%         6
 Statue Form              Tmut/Erth      43%        N/A       47%         6
 Borgnjor's Revivificati  Necr           41%        N/A       99%         8
 Infestation              Necr           41%        N/A       99%         8
 Enfeeble                 Hex            14%        N/A       100%        7


Dungeon Overview and Level Annotations

Branches:
Dungeon (15/15)            Temple (1/1) D:6            Lair (5/5) D:11
  Swamp (4/4) Lair:3       Spider (3/4) Lair:3        Slime (0/5) Lair:5
    Orc (2/2) D:12            Elf (0/3) Orc:2        Vaults (0/5) D:14
 Depths (0/4) D:15          IceCv (visited)         Gauntlet (visited)

Altars:
Ashenzari
Cheibriados
Dithmenos
Elyvilon
Fedhas
Gozag
Hepliaklqana
Kikubaaqudgha
Makhleb
Nemelex Xobeh
Okawaru
Qazlal
Ru
Sif Muna
Trog
Uskayaw
Vehumet
Wu Jian
Xom
Yredelemnul
Zin
The Shining One
Jiyva

Shops:
D:1 *   D:15 [   Orc:1 *   Orc:2 [[([

Annotations:
Spider:3 1 transporter, Taocaav's ghost, adept CeHu; Unned's ghost, journeyman GrFi


Innate Abilities, Weirdness & Mutations

You cannot wear most types of armour.
You are amphibious.
You can wear up to eight rings at the same time.
Your skin changes colour to match your surroundings (Stealth+).
Your rubbery body absorbs attacks. (AC +1, EV +1)
You are camouflaged when in or above water. (Stealth+)
You have tentacles for arms and can constrict up to eight enemies at once.


Message History

Vehumet accepts your kill.
You feel your power returning.
The ghost moth is blasted with magical radiation!!!
You kill the ghost moth!
Vehumet accepts your kill.
You feel your power returning.
You are contaminated with residual magic.
Okay, then.
Unknown command.
Casting: Irradiate (dangerous; 2% risk of failure)
Confirm with . or Enter, or press ? or * to list all spells.
Okay, then.
Unknown command.
Okay, then.
Okay, then.
Unknown command.
You feel better.
The emperor scorpion closely misses you.
The emperor scorpion claws you but does no damage. x2
You feel better. The spark wasp stings you!
* * * LOW HITPOINT WARNING * * *
The spark wasp shocks you. You resist.
* * * LOW HITPOINT WARNING * * *
The emperor scorpion misses you.
The emperor scorpion claws you but does no damage.
The emperor scorpion completely misses you.
Casting: Irradiate (dangerous; 2% risk of failure)
Confirm with . or Enter, or press ? or * to list all spells.
You feel a surge of power!
You erupt in a fountain of uncontrolled magic!
Taocaav's ghost is blasted with magical radiation!!
Taocaav's ghost is severely damaged.
The spark wasp is blasted with magical radiation!!
You kill the spark wasp!
Vehumet accepts your kill.
You feel your power returning.
The emperor scorpion is blasted with magical radiation!!
The emperor scorpion is moderately wounded.
Taocaav's ghost hits you!
You die...

##.###..##..~##....##..##.^.....#
###...##.###.##....####.....####
#....##...~.$~##....# ##......^#
###..##8.†.~.~~8##...####......##
^#..##†.#.###.#~.##...#...###...#
#..##.~~.##.#...~.##..#....^##.^#
...#~#.°##...##.~#.#..#......####
...#©#.~#.$.?[#~$#.#...^..####
...#.#~.##...##W@#.#..##....#
...##....##.##.†sW##..#...^###
.^..##~.#.##~~#~.##..........#
..#..##8W~$~$.s8##.......#^.##
...#..##..~...~##....###.####
...##..##~###.##..^#...###
.#.#....##.s.##..###.^..##
.###..#..#####..#.......^##
.>.........©....##.^.^..^.#


You could see an emperor scorpion, an orb spider, Taocaav's ghost and Unned's
ghost.

Vanquished Creatures
  A tentacled monstrosity (Swamp:1)
  An Ice Fiend (IceCv)
  Jorgrun (D:15)
  Gastronok (D:8)
  Kirke (Swamp:4)
  Agnes (Spider:2)
  A fenstrider witch (Swamp:3)
  A fire giant (D:15)
  An emperor scorpion (Spider:3)
  A ghost moth (Spider:3)
  2 ghouls (Swamp:2)
  The ghost of Jauraipp the Eclecticist, a journeyman MeEE of Kikubaaqudgha (Swamp:1)
  A quicksilver ooze (shapeshifter) (D:15)
  An orc warlord (Orc:2)
  A quicksilver ooze (Gauntlet)
  Nessos (D:15)
  A minotaur (Gauntlet)
  7 eleionomae
  3 spark wasps (Spider:3)
  2 bunyips (Swamp:1)
  2 entropy weavers (Spider:3)
  3 fire dragons (Swamp:4)
  Josephine (D:15)
  13 hydras
  A catoblepas (Lair:4)
  A merfolk avatar (Lair:5)
  2 radroaches
  9 alligators
  6 boulder beetles
  4 jorogumos
  4 centaur warriors
  The ghost of minhee2137 the Carver, a novice MiBe of Trog (Lair:1)
  3 two-headed ogres
  6 death yaks
  2 tengu warriors (D:15)
  A spriggan berserker (Swamp:4)
  An orc high priest (Orc:2)
  Sonja (D:11)
  A death drake (Swamp:3)
  2 pharaoh ants
  2 skysharks
  A sixfirhy (Gauntlet)
  7 swamp dragons
  A goliath frog (Swamp:2)
  7 bog bodies
  5 spriggan druids
  An orb spider (Spider:3)
  An obsidian statue (IceCv)
  3 spriggan simulacra (IceCv)
  A wizard (D:11)
  5 lindwurms
  A necromancer (Gauntlet)
  A harpy (Lair:5)
  2 deep elf pyromancers
  3 steelbarb worms
  An orc knight (Orc:2)
  3 orc sorcerers
  6 ugly things
  4 cyclopes
  6 wolf spiders
  4 manticores
  3 moths of wrath
  4 will-o-the-wisps
  7 elephants
  A black mamba (Lair:5)
  8 demonic crawlers
  3 gargoyles
  2 molten gargoyles
  A torpor snail (Spider:3)
  10 cane toads
  A yaktaur (D:15)
  4 rime drakes
  A yaktaur (shapeshifter) (D:14)
  3 unseen horrors
  8 komodo dragons
  9 freezing wraiths (IceCv)
  5 ice devils (IceCv)
  An anaconda simulacrum (IceCv)
  A golden dragon simulacrum (IceCv)
  3 trolls
  A bloated husk (Swamp:2)
  3 polar bears
  A raiju (shapeshifter) (D:14)
  18 tarantellas
  9 tyrant leeches
  4 hornets
  10 blink frogs
  3 wind drakes (Lair:5)
  21 jumping spiders
  Sigmund (D:4)
  5 slime creatures (D:15)
  5 wraiths
  4 culicivoras
  4 shadows
  26 yaks
  A yak (shapeshifter) (D:13)
  2 spriggans
  6 wyverns
  6 steam dragons
  6 basilisks
  2 hogs (Swamp:4)
  15 redbacks
  12 vampire mosquitoes
  5 minotaur simulacra (IceCv)
  17 swamp worms
  2 wargs (Orc:2)
  2 acid dragons
  14 water moccasins
  A meliai simulacrum (D:15)
  12 swamp drakes
  5 ice beasts
  30 orc warriors
  An ettin simulacrum (IceCv)
  A black bear (Lair:2)
  An alligator simulacrum (IceCv)
  7 ogres
  21 wolves
  7 centaurs
  3 phantoms
  4 kobold brigands
  8 bullfrogs
  A necrophage (Swamp:2)
  4 scorpions
  2 gnoll sergeants
  7 wights
  A lindwurm simulacrum (IceCv)
  11 killer bees
  4 howler monkeys
  4 electric eels
  A lava snake (Swamp:4)
  12 orc priests
  4 hounds
  Ijyb (D:3)
  3 jellies
  A gnoll bouda (D:8)
  Natasha (thrice) (D:4)
  4 iguanas
  23 orc wizards
  5 hell rats
  5 ogre zombies (D:12)
  11 gnolls
  5 adders
  3 ufetubi (Gauntlet)
  2 worms
  3 dart slugs
  81 orcs
  3 bats (D:1)
  7 endoplasms
  2 giant cockroaches
  2 goblins
  3 hobgoblins
  12 jackals
  24 kobolds
  4 quokkas
  6 ball pythons
  3 goblin skeletons (D:12)
  3 goblin zombies (D:12)
  2 hobgoblin zombies (D:12)
  6 orc zombies (D:12)
  3 rats
821 creatures vanquished.

Vanquished Creatures (collateral kills)
  An Ice Fiend (IceCv)
  A ghost moth (Spider:3)
  An entropy weaver (Spider:3)
  A hydra (Lair:3)
  3 death yaks (Lair:3)
  A spriggan (Swamp:1)
  A deep troll (shapeshifter) (D:14)
  A spriggan simulacrum (IceCv)
  A swamp dragon (Swamp:4)
  A wolf spider (Spider:3)
  An ugly thing (D:14)
  4 elephants
  A freezing wraith (IceCv)
  A komodo dragon (Lair:5)
  A wind drake (Lair:5)
  A troll (D:14)
  2 polar bears
  2 tarantellas (Spider:3)
  A hornet (Swamp:1)
  4 blink frogs
  2 jumping spiders (Spider:3)
  A dire elephant simulacrum (IceCv)
  5 yaks
  4 redbacks (Spider:3)
  A vampire mosquito (D:14)
  A harpy simulacrum (IceCv)
  A swamp worm (Swamp:3)
  An orc warrior (Orc:2)
  7 wolves
  A necrophage (Swamp:2)
  7 hell rats
  3 ogre zombies (D:12)
  An ufetubus (Gauntlet)
  An orc (Orc:2)
  A goblin zombie (D:12)
  3 hobgoblin zombies (D:12)
  7 orc zombies (D:12)
77 creatures vanquished.

Vanquished Creatures (others)
  A swamp dragon (Swamp:4)
  2 humans (Swamp:4)
  A steam dragon (Swamp:4)
  A gnoll (D:9)
  267 foxfires
272 creatures vanquished.

Grand Total: 1170 creatures vanquished

Notes
Turn   | Place    | Note
-------+----------+-------------------------------------------
     0 | D:1      | wingedge the Octopode Wanderer began the quest for the Orb.
     0 | D:1      | wingedge set off with the following items: a +0 dagger, a
                  | scroll of fog, a +0 hat; and the following spells available
                  | to memorise: Apportation, Momentum Strike, Foxfire, Ignite
                  | Poison, Iskenderun's Mystic Blast.
     0 | D:1      | Reached XP level 1. HP: 11/11 MP: 3/3
     2 | D:1      | Learned a level 1 spell: Apportation
     4 | D:1      | Learned a level 1 spell: Foxfire
    26 | D:1      | Found Nimuman's General Store.
   135 | D:1      | Reached skill level 1 in Conjurations
   367 | D:1      | Reached XP level 2. HP: 17/17 MP: 1/5
  1279 | D:2      | Reached XP level 3. HP: 22/22 MP: 0/6
  1354 | D:2      | Identified the +9 spear of Deyssyuv {drain, Dex+6}
  1457 | D:2      | Learned a level 2 spell: Momentum Strike
  1485 | D:2      | Upgraded the game from 0.30.0-11-gf55b779eaf to
                  | 0.30.0-13-g156ef70053
  1795 | D:2      | Reached skill level 1 in Fighting
  2247 | D:3      | Reached skill level 1 in Polearms
  2247 | D:3      | Reached XP level 4. HP: 28/28 MP: 1/7
  2820 | D:3      | Learned a level 2 spell: Static Discharge
  2888 | D:3      | Found a sacrificial altar of Ru.
  2943 | D:3      | Noticed Ijyb
  2948 | D:3      | Killed Ijyb
  2949 | D:3      | Reached XP level 5. HP: 34/34 MP: 8/8
  3066 | D:4      | Found a radiant altar of Vehumet.
  3090 | D:4      | Became a worshipper of Vehumet
  3228 | D:4      | Noticed Sigmund
  3276 | D:4      | Reached skill level 1 in Air Magic
  3351 | D:4      | Killed Sigmund
  3352 | D:4      | Reached skill level 1 in Ice Magic
  3352 | D:4      | Reached XP level 6. HP: 32/39 MP: 8/10
  3356 | D:4      | Learned a level 3 spell: Ozocubu's Armour
  3423 | D:4      | Noticed Natasha
  3434 | D:4      | Killed Natasha
  3447 | D:4      | Noticed Natasha
  3473 | D:4      | Killed Natasha
  3881 | D:4      | Noticed Natasha
  4225 | D:4      | Killed Natasha
  4226 | D:4      | Reached XP level 7. HP: 45/45 MP: 6/11
  4384 | D:5      | Entered Level 5 of the Dungeon
  4384 | D:5      | Found a broken altar of Ashenzari.
  4459 | D:5      | Found a glowing silver altar of Zin.
  4460 | D:5      | Found an opulent altar of Gozag.
  5038 | D:5      | You fall into a shaft and drop 1 floor!
  5198 | D:6      | Reached XP level 8. HP: 54/54 MP: 5/13
  5282 | D:6      | Found a shimmering blue altar of Sif Muna.
  5317 | D:6      | Found a staircase to the Ecumenical Temple.
  5325 | Temple   | Entered the Ecumenical Temple
  5441 | D:5      | Reached * piety under Vehumet
  5441 | D:5      | Offered knowledge of Shock by Vehumet.
  5521 | D:5      | Identified the ring of Igyikhly {Drain rElec rPois rCorr
                  | Stlth+}
  5594 | D:5      | Found a burning altar of Makhleb.
  5596 | D:5      | Reached skill level 1 in Dodging
  5679 | D:6      | Reached skill level 5 in Ice Magic
  6020 | D:6      | Found a hide-covered altar of Uskayaw.
  6032 | D:6      | Reached XP level 9. HP: 57/60 MP: 7/15
  6205 | D:7      | Reached skill level 5 in Fighting
  6984 | D:7      | Reached skill level 5 in Spellcasting
  7037 | D:7      | Reached ** piety under Vehumet
  7044 | D:7      | Offered knowledge of Magic Dart by Vehumet.
  7118 | D:7      | Learned a level 3 spell: Frozen Ramparts
  7123 | D:7      | Learned a level 4 spell: Airstrike
  7573 | D:8      | Reached skill level 5 in Air Magic
  7662 | D:8      | Reached skill level 5 in Dodging
  7662 | D:8      | Reached XP level 10. HP: 59/69 MP: 12/17
  8088 | D:8      | Noticed Gastronok
  8106 | D:8      | Killed Gastronok
  8106 | D:8      | Offered knowledge of Mephitic Cloud by Vehumet.
  8107 | D:8      | Reached skill level 1 in Summonings
  8413 | D:9      | Found a white marble altar of Elyvilon.
  8499 | D:9      | Reached *** piety under Vehumet
  8591 | D:9      | Noticed a two-headed ogre
  8774 | D:9      | Offered knowledge of Sticky Flame by Vehumet.
  9048 | D:9      | Noticed a two-headed ogre
  9056 | D:9      | Killed a two-headed ogre
  9057 | D:9      | Reached skill level 1 in Shields
  9298 | D:9      | Learned a level 4 spell: Summon Lightning Spire
  9301 | D:10     | Entered Level 10 of the Dungeon
  9306 | D:10     | Reached skill level 5 in Stealth
  9413 | D:10     | Found a sparkling altar of Nemelex Xobeh.
  9450 | D:10     | Reached XP level 11. HP: 60/75 MP: 15/19
 10232 | D:10     | Noticed a two-headed ogre
 10236 | D:10     | Killed a two-headed ogre
 10320 | D:10     | Reached **** piety under Vehumet
 10690 | D:11     | Noticed a cyclops
 10698 | D:11     | Killed a cyclops
 11077 | D:11     | Noticed a wizard
 11081 | D:11     | Killed a wizard
 11140 | D:11     | Offered knowledge of Dazzling Flash by Vehumet.
 11222 | D:11     | Found a staircase to the Lair.
 11507 | D:11     | Noticed Sonja
 11520 | D:11     | Killed Sonja
 12447 | Lair:1   | Entered Level 1 of the Lair of Beasts
 12450 | Lair:1   | Reached XP level 12. HP: 84/84 MP: 12/21
 13097 | Lair:1   | Noticed minhee2137's ghost (novice MiBe)
 13330 | Lair:1   | Found a runed translucent door.
 13656 | Lair:1   | Reached skill level 5 in Summonings
 14060 | Lair:2   | Noticed a boulder beetle
 15105 | Lair:2   | Killed a boulder beetle
 15106 | Lair:2   | Reached skill level 5 in Shields
 15214 | Lair:2   | Noticed a seven-headed hydra
 16136 | Lair:2   | Killed a seven-headed hydra
 16403 | Lair:3   | Found a hole to the Spider Nest.
 16410 | Lair:3   | Reached XP level 13. HP: 90/90 MP: 15/24
 17507 | Lair:3   | Found the +7 mace of Variability {chaos, chaos arc}
 18062 | Lair:3   | Found a staircase to the Swamp.
 18348 | Lair:4   | Reached ***** piety under Vehumet
 18348 | Lair:4   | Offered knowledge of Freezing Cloud by Vehumet.
 18452 | Lair:4   | Learned a level 5 spell: Freezing Cloud
 18889 | Lair:3   | Reached skill level 10 in Fighting
 20122 | Lair:5   | Entered Level 5 of the Lair of Beasts
 20326 | Lair:5   | Found a gate leading to a gauntlet.
 20332 | Gauntlet | Entered a Gauntlet
 20332 | Gauntlet | Found a transporter.
 20345 | Gauntlet | Found a transporter.
 20345 | Gauntlet | Found a transporter.
 20347 | Gauntlet | Found a transporter.
 20362 | Gauntlet | Found a transporter.
 20378 | Gauntlet | Found a transporter.
 20386 | Gauntlet | Found a transporter.
 20392 | Gauntlet | Noticed a quicksilver ooze
 20408 | Gauntlet | Found a transporter.
 20420 | Gauntlet | Found the +12 pair of quick blades "Gyre" and "Gimble"
                  | {protect}
 20421 | Gauntlet | Found a transporter.
 20451 | Gauntlet | Found a transporter.
 20454 | Gauntlet | Noticed a dire elephant
 20490 | Gauntlet | Noticed a green death
 20493 | Gauntlet | Found a transporter.
 20498 | Gauntlet | Found a transporter.
 20523 | Gauntlet | Found a transporter.
 20528 | Gauntlet | Found a transporter.
 20530 | Gauntlet | Found a transporter.
 20561 | Gauntlet | Found a transporter.
 20564 | Gauntlet | Noticed a blizzard demon
 20566 | Gauntlet | Found a transporter.
 20617 | Gauntlet | Found a transporter.
 20913 | Gauntlet | Learned a level 5 spell: Irradiate
 21045 | Gauntlet | Killed a quicksilver ooze
 21127 | Gauntlet | Identified the ring "Axtiekh" {Drain rF+ rC+++ Str-5 SInv}
 21279 | Gauntlet | Identified the +2 glaive of Soft Forgiveness {venom, rElec}
 21279 | Gauntlet | Noticed a minotaur
 21288 | Gauntlet | Killed a minotaur
 21289 | Gauntlet | Reached skill level 1 in Transmutations
 21289 | Gauntlet | Reached XP level 14. HP: 99/99 MP: 8/26
 21406 | Gauntlet | Identified the +2 hand axe "Ketruik" {freeze, Dex+3}
 21406 | Gauntlet | Identified the +7 quarterstaff "Killer Klown's Peril"
                  | {heavy, rC- Str-3 Int+9 SInv}
 21406 | Gauntlet | Identified the amulet of Zuwnesoann {Faith +Blink rElec}
 21435 | Lair:5   | Reached skill level 1 in Short Blades
 21625 | Lair:5   | Reached skill level 10 in Air Magic
 21760 | Lair:5   | Reached skill level 5 in Conjurations
 21926 | Lair:5   | Reached skill level 10 in Ice Magic
 22289 | Lair:5   | Found a viscous altar of Jiyva.
 22289 | Lair:5   | Found a staircase to the Slime Pits.
 23294 | Lair:5   | Offered knowledge of Eringya's Noxious Bog by Vehumet.
 23327 | Lair:5   | Identified a scroll of acquirement
 23354 | Lair:5   | Acquired the ring "Zerphih" {Ice Drain Int+4 Dex+7}
 23366 | Lair:5   | Learned a level 7 spell: Ozocubu's Refrigeration
 23370 | Lair:5   | Learned a level 2 spell: Sublimation of Blood
 24034 | D:12     | Found a staircase to the Orcish Mines.
 24139 | D:12     | Reached skill level 1 in Necromancy
 24366 | D:12     | Identified the +7 long sword "Orb Guardian's Curse" {heavy,
                  | rPois Dex+2}
 25150 | Orc:1    | Entered Level 1 of the Orcish Mines
 25532 | Orc:2    | Entered Level 2 of the Orcish Mines
 25624 | Orc:2    | Found a staircase to the Elven Halls.
 26154 | Orc:2    | Found Paololoc's Armour Shoppe.
 27040 | Orc:2    | Offered knowledge of Starburst by Vehumet.
 27055 | Orc:2    | Found Adu Dod's Antique Armour Emporium.
 27186 | Orc:2    | Noticed an orc warlord
 27193 | Orc:2    | Killed an orc warlord
 27194 | Orc:2    | Reached XP level 15. HP: 97/107 MP: 16/28
 27390 | Orc:2    | Found Kauthraxkeo's Antique Weapon Shop.
 27394 | Orc:2    | Found Ynaob's Antique Armour Boutique.
 27635 | Orc:1    | Found Pessouqa's Assorted Antiques.
 27643 | Orc:1    | Bought a scroll of blinking for 202 gold pieces
 27643 | Orc:1    | Bought a scroll of teleportation for 81 gold pieces
 27643 | Orc:1    | Bought a scroll of teleportation for 81 gold pieces
 27643 | Orc:1    | Bought a peridot ring for 135 gold pieces
 27643 | Orc:1    | Bought a scroll labelled ISAYTS IMMEN for 27 gold pieces
 27643 | Orc:1    | Bought a potion of curing for 81 gold pieces
 29693 | D:14     | Found a snail-covered altar of Cheibriados.
 29903 | D:14     | Reached skill level 10 in Spellcasting
 30108 | D:14     | Found a gate to the Vaults.
 30125 | D:14     | Reached skill level 5 in Transmutations
 30845 | D:15     | Entered Level 15 of the Dungeon
 30872 | D:15     | Noticed Nessos
 30878 | D:15     | Killed Nessos
 30879 | D:15     | Reached skill level 5 in Short Blades
 31096 | D:15     | Found a staircase to the Depths.
 31096 | D:15     | Noticed a fire giant
 31098 | D:15     | Noticed Josephine
 31100 | D:15     | Killed a fire giant
 31104 | D:15     | Killed Josephine
 31742 | D:15     | Noticed Jorgrun
 31752 | D:15     | Killed Jorgrun
 31851 | D:15     | Found Qitomas's Armour Emporium.
 31956 | D:15     | Bought a +2 hat for 256 gold pieces
 32337 | Swamp:1  | Entered Level 1 of the Swamp
 32879 | Swamp:1  | Found a runed translucent door.
 32880 | Swamp:1  | Noticed Jauraipp's ghost (journeyman MeEE)
 32880 | Swamp:1  | Noticed a tentacled monstrosity
 33389 | Swamp:1  | Identified the +6 trident "Wibbyig" {flame, Str+6 Dex+2}
 33547 | Swamp:1  | Reached skill level 5 in Necromancy
 33552 | Swamp:1  | Killed a tentacled monstrosity
 33777 | Swamp:1  | Killed Jauraipp's ghost
 33778 | Swamp:1  | Reached XP level 16. HP: 89/114 MP: 8/30
 33860 | Swamp:1  | Identified the +11 great sword "Bosi" {freeze, Int+2
                  | Stlth+}
 34480 | Swamp:2  | Offered knowledge of Iskenderun's Battlesphere by Vehumet.
 35084 | Swamp:3  | Reached skill level 10 in Dodging
 35538 | Swamp:3  | Noticed a fenstrider witch
 35546 | Swamp:3  | Killed a fenstrider witch
 35843 | Swamp:4  | Entered Level 4 of the Swamp
 36154 | Swamp:4  | Noticed Kirke
 36158 | Swamp:4  | Killed Kirke
 36873 | Swamp:4  | Reached ****** piety under Vehumet
 37208 | Swamp:4  | Got a decaying rune of Zot
 37442 | Lair:1   | Killed minhee2137's ghost
 37443 | Lair:1   | Reached XP level 17. HP: 98/121 MP: 23/32
 37556 | Spider:1 | Entered Level 1 of the Spider Nest
 37770 | Spider:1 | Offered knowledge of Arcjolt by Vehumet.
 38014 | Spider:1 | Learned a level 4 spell: Passage of Golubria
 38678 | Spider:2 | Noticed Agnes
 38683 | Spider:2 | Killed Agnes
 38718 | Spider:2 | Found a frozen archway.
 38724 | IceCv    | Entered an ice cave
 39267 | IceCv    | Noticed an Ice Fiend
 39267 | IceCv    | Noticed an Ice Fiend
 39312 | IceCv    | Offered knowledge of Lee's Rapid Deconstruction by Vehumet.
 39398 | IceCv    | Killed an Ice Fiend
 39438 | IceCv    | Killed an Ice Fiend
 39439 | IceCv    | Reached skill level 1 in Earth Magic
 39780 | IceCv    | Learned a level 5 spell: Lee's Rapid Deconstruction
 39788 | IceCv    | Learned a level 6 spell: Simulacrum
 40769 | Spider:3 | Found a transporter.
 40788 | Spider:3 | Noticed Unned's ghost (journeyman GrFi)
 40797 | Spider:3 | Found a transporter.
 40797 | Spider:3 | Noticed Taocaav's ghost (adept CeHu)
 41097 | Spider:3 | Got the Atlas of Darkness
 41605 | Spider:3 | HP: 1/124 [demonic crawler (17)]
 41609 | Spider:3 | Slain by Taocaav's ghost

Illustrated notes

Levels and vault maps discovered:
D:1:      psy_arrival_statuary, layout_loops_ring, serial_shops, shop
D:2:      layout_rooms
D:3:      layout_loops_ring, nicolae_ru_awakened_eye, chequers_arboretum,
          supply_closet_lemuel, chequers_serial_rivers_micro_e, uniq_ijyb
D:4:      layout_basic, mainiacjoe_overflow_24_doors, uniq_sigmund, uniq_natasha
D:5:      layout_cave_pools, makhleb_blood_cavern_becter,
          grunt_temple_overflow_open
D:6:      layout_rooms, led_sif_pool, nicolae_uskayaw_dance_studio,
          minmay_temple_entry_glassed_door
D:7:      layout_basic
D:8:      layout_basic, uniq_gastronok
D:9:      layout_cave_pools, mainiacjoe_overflow_cross_hatched, serial_bayou,
          serial_bayou_pond_a, serial_bayou_ford_a, serial_bayou_pond_a,
          serial_bayou_pond_a
D:10:     layout_stronghold, nemelex_spade_bored_becter,
          amcnicky_mini_corridor_feature
D:11:     layout_loops_cross, hellmonk_lair_entry_icy, uniq_sonja
D:12:     layout_basic, zombieorc2_lemuel
D:13:     layout_stronghold
D:14:     layout_basic, david_vaults_2, kennysheep_slug_shrine
D:15:     grunt_enter_depths_giant_problem, layout_long_grid, serial_shops,
          nicolae_shop_back_alley_shop, hangedman_decor_clover_reticule,
          uniq_nessos, uniq_jorgrun, uniq_josephine
Temple:   nicolae_temple_x_marks_the_god
Lair:1:   layout_gridlike, hellmonk_ghost_happy_afterlife,
          infiniplex_staircase_pool_2
Lair:2:   layout_loops_ring
Lair:3:   layout_regular_city, swamp_mist, spider_nest_entry_rubble,
          worms_lemuel, serial_bayou_shore_a, grunt_megastairs_4
Lair:4:   layout_gridlike, chequers_serial_rivers_marsh
Lair:5:   gammafunk_lair_ancient_temple, layout_regular_city, slime_entry_1,
          gauntlet_entry_generic
Swamp:1:  layout_basic_swamp, ebering_ghost_funeral_grove,
          evilmike_swamp_ruin_rubble_2, swamp_pool4
Swamp:2:  layout_basic_swamp, nicolae_swamp_well_well_well
Swamp:3:  layout_falls_marsh, evilmike_swamp_ruin_house_2,
          cheibrodos_swamp_witchery
Swamp:4:  swamp_fiery, layout_basic_swamp, infiniplex_staircase_pool, uniq_kirke
Spider:1: layout_spider_delve, nicolae_spider_world_wide_web
Spider:2: nicolae_spider_mines_1, portal_ice_cave_entry_pillars_2, uniq_agnes
Spider:3: layout_spider_delve, nzn_ghost_randoct
Orc:1:    layout_diamond_mine, serial_shops, nicolae_shop_waterfront, rock_pile
Orc:2:    grunt_orc_community_town_hall, layout_caves,
          grunt_orc_community_big_house_2, grunt_orc_community_big_house_1,
          grunt_orc_community_house_1, grunt_orc_community_house_2,
          grunt_orc_community_house_1, grunt_orc_community_house_3,
          grunt_orc_community_house_1

Skill      XL: |  1  2  3  4  5  6  7  8  9 10 11 12 13 14 15 16 17 |
---------------+----------------------------------------------------+-----
Conjurations   | 1 2 3 4 5 |  5.0
Fire Magic     | 2 |  2.0
Fighting       | 1 2 3 4 6 7 8 9 10 11 12 13 | 13.7
Polearms       | 1 |  1.0
Air Magic      | 2 3 5 6 7 8 9 10 11 | 11.0
Spellcasting   | 3 4 5 6 7 8 9 10 11 | 11.8
Ice Magic      | 2 4 5 6 7 8 9 10 11 12 13 | 13.0
Stealth        | 2 3 5 7 |  7.0
Dodging        | 3 5 6 7 8 9 10 11 | 11.1
Summonings     | 2 4 5 |  5.0
Shields        | 1 3 5 7 |  7.0
Transmutations | 1 4 5 |  5.0
Short Blades   | 4 6 7 8 |  8.0
Necromancy     | 2 5 6 8 |  8.4
Earth Magic    | 4 |  4.6
Translocations | 6 |  6.0
Evocations     | |  1.1

Action                     |  1- 3 |  4- 6 |  7- 9 | 10-12 | 13-15 | 16-18 || total
---------------------------+-------+-------+-------+-------+-------+-------++-------
  Melee: Dagger            |    13 |       |       |       |       |       ||    13
         Tentacles         |     6 |     2 |    18 |    44 |    62 |    49 ||   181
         Constrict         |     5 |     7 |    23 |    23 |    36 |    24 ||   118
         Spear             |    11 |    58 |   141 |   206 |    55 |       ||   471
         Punch             |       |       |     2 |     3 |     3 |     4 ||    12
         Pair of quick bla |       |       |       |       |   133 |   185 ||   318
  Throw: Dart              |       |       |       |     5 |       |       ||     5
         Throwing net      |       |       |       |       |     2 |       ||     2
   Cast: Foxfire           |    69 |    15 |    57 |    13 |     1 |     5 ||   160
         Momentum Strike   |     1 |     1 |    27 |     1 |       |       ||    30
         Apportation       |     1 |       |       |       |       |       ||     1
         Ozocubu's Armour  |       |       |    20 |    30 |    42 |    30 ||   122
         Static Discharge  |       |       |    10 |    18 |       |       ||    28
         Frozen Ramparts   |       |       |     5 |     3 |     2 |       ||    10
         Airstrike         |       |       |       |   154 |   240 |   104 ||   498
         Summon Lightning  |       |       |       |    23 |    44 |    14 ||    81
         Freezing Cloud    |       |       |       |       |   124 |    52 ||   176
         Irradiate         |       |       |       |       |    10 |    21 ||    31
         Ozocubu's Refrige |       |       |       |       |    87 |   167 ||   254
         Sublimation of Bl |       |       |       |       |    15 |    15 ||    30
         Simulacrum        |       |       |       |       |       |     9 ||     9
         Lee's Rapid Decon |       |       |       |       |       |     8 ||     8
         Passage of Golubr |       |       |       |       |       |     1 ||     1
  Evoke: Wand              |       |       |       |    10 |       |     1 ||    11
         Phial of floods   |       |       |       |       |     1 |       ||     1
    Use: Scroll            |     4 |     3 |     5 |     4 |    18 |    10 ||    44
         Potion            |       |       |       |     6 |     1 |    12 ||    19
   Stab: Sleeping          |     2 |     8 |     1 |     5 |     4 |     8 ||    28
         Distracted        |       |     1 |     1 |     4 |     2 |     2 ||    10
         Paralysed         |       |       |       |     8 |       |     1 ||     9
 Armour: Skin              |     3 |     4 |    45 |    61 |    91 |    82 ||   286
  Dodge: Dodged            |    11 |     8 |   104 |   184 |   215 |   262 ||   784
  Block: Buckler           |       |       |       |    25 |     3 |       ||    28
         Kite shield       |       |       |       |    33 |    59 |       ||    92
         Other             |       |       |       |       |    10 |       ||    10
         Reflection        |       |       |       |       |     3 |       ||     3
